 Dungeon Crawl Stone Soup version 0.28.0-47-ge53b351184 (webtiles) character file.

Game seed: 2888169852198558732

54 terff the Chopper (level 3, -6/33 HPs)
             Began as a Hill Orc Monk on May 1, 2022.
             Killed from afar by Terence (10 damage)
             ... with a puff of flame
             ... on level 3 of the Dungeon.
             The game lasted 00:03:17 (2887 turns).

terff the Chopper (Hill Orc Monk)                   Turns: 2887, Time: 00:03:17

Health: -6/33      AC:  8    Str: 13    XL:     3   Next: 91%
Magic:  3/3        EV:  6    Int: 10    God:
Gold:   77         SH:  0    Dex: 15    Spells: 2/2 levels left

rFire   . . .      SeeInvis .   a - +0 hand axe
rCold   . . .      Faith    .   (no shield)
rNeg    . . .      Spirit   .   e - +0 chain mail
rPois   .          Reflect  .   (no helmet)
rElec   .          Harm     .   (no cloak)
rCorr   .          Rampage  .   (no gloves)
Will    .....                   (no boots)
Stlth   ..........              (no amulet)
HPRegen 0.11/turn               (no ring)
MPRegen 0.08/turn               (no ring)

@: no status effects
A: no striking features
a: no special abilities


You were on level 3 of the Dungeon.
You visited 1 branch of the dungeon, and saw 3 of its levels.

You collected 77 gold pieces.

Inventory:

Hand Weapons
 a - a +0 hand axe (weapon)
Missiles
 i - a throwing net (quivered)
Armour
 b - a +0 robe
 e - a +0 chain mail (worn)
Scrolls
 d - a scroll of teleportation
Potions
 c - a potion of attraction
 f - a potion of ambrosia {unknown}
 g - a potion of haste {unknown}
 h - a potion of magic {unknown}
 j - a potion of heal wounds {unknown}
 k - a potion of curing {unknown}


   Skills:
 + Level 4.1 Fighting
 + Level 4.9 Axes
 + Level 1.3 Armour
 + Level 2.9 Dodging
 + Level 1.5 Stealth


You had 2 spell levels left.
You didn't know any spells.
Your spell library was empty.

Dungeon Overview and Level Annotations

Branches:
Dungeon (3/15)

Altars:

Annotations:
D:3 Terence


Message History

The adder bites you.
You miss the adder.
The adder is severely wounded.
The adder barely misses you. The adder bites you.
You closely miss the adder.
The adder is severely wounded.
The adder bites you but does no damage.
You slash the adder!
You kill the adder!
You see here an adder corpse.
l - a scroll labelled XETRACV VOIHAWU
As you read the scroll labelled XETRACV VOIHAWU, it crumbles to dust.
You hear a loud clanging noise!
It was a scroll of noise.
Done exploring.
Done exploring.
You see here an adder skeleton.
You see here a +0 dagger.
You see here a +0 club.
There is a stone staircase leading down here.
You climb downwards.
The ball python barely misses you. The ball python grabs you.
The ball python constricts you.
The ball python bites you but does no damage.
The ball python constricts you.
There is a stone staircase leading up here.
You slash the ball python!
You kill the ball python!
Terence the Incautious comes into view.
He is wielding a +1 mace of protection and carrying a wand of flame (17).
Terence shouts!
Terence zaps a wand.
The puff of flame hits you!
There is a stone staircase leading up here.
There is a stone staircase leading up here.
Terence zaps a wand.
The puff of flame hits you.
Terence says, "You're history."
Terence zaps a wand.
The puff of flame hits you!
* * * LOW HITPOINT WARNING * * *
Terence zaps a wand.
The puff of flame hits you.
* * * LOW HITPOINT WARNING * * *
Terence zaps a wand.
The puff of flame hits you!
You die...

#.......#
#.#####.#
#.# #.#
#.# #.#
#.# #.#
#<#####.#
#.......#
##.######
#@# #.#
#@# ...
... #####


You could see Terence.

Vanquished Creatures
  An adder (D:2)
  A worm (D:2)
  3 dart slugs
  3 ball pythons
  3 endoplasms (D:1)
  5 giant cockroaches (D:1)
  3 goblins
  2 kobolds (D:2)
  2 quokkas (D:2)
  5 bats
  2 frilled lizards
  4 rats (D:1)
34 creatures vanquished.

Notes
Turn   | Place    | Note
-------+----------+-------------------------------------------
     0 | D:1      | terff the Hill Orc Monk began the quest for the Orb.
     0 | D:1      | Reached XP level 1. HP: 19/19 MP: 1/1
   300 | D:1      | Reached XP level 2. HP: 26/27 MP: 2/2
  1107 | D:2      | You fall into a shaft and drop 1 floor!
  1136 | D:2      | Reached XP level 3. HP: 29/33 MP: 3/3
  2400 | D:2      | Reached skill level 1 in Armour
  2881 | D:3      | Noticed Terence
  2887 | D:3      | Killed from afar by Terence

Illustrated notes

Levels and vault maps discovered:
D:1:      scummos_arrival_hexagon, layout_basic, corexii_item_surrounded_by_moat
D:2:      layout_basic, kennysheep_another_room
D:3:      layout_loops_ring, ebering_ecumenical_altar_ruins, uniq_terence,
          uniq_crazy_yiuf_cottage, uniq_ijyb

Skill      XL: |  1  2  3 |
---------------+----------+-----
Fighting       | 4 |  4.1
Armour         | 1 |  1.3
Axes           | |  4.9
Dodging        | |  2.9
Stealth        | |  1.5

Action                   || total
-------------------------++-------
Melee: Hand axe          ||   131
       Punch             ||     2
  Use: Scroll            ||     4
Armor: Robe              ||     3
       Chain mail        ||    55
Dodge: Dodged            ||    56
